 Dungeon Crawl Stone Soup version 0.28-a0-984-g3775c662fe (webtiles) character file.

Game seed: 5951505955645195775

361991 hellse the Metallomancer (level 22, -11/127 HPs)
             Began as a Gargoyle Earth Elementalist on Dec 3, 2021.
             Was the Champion of Vehumet.
             Shot with a bolt by a yaktaur captain (36 damage)
             ... on level 2 of the Vaults.
             The game lasted 02:39:33 (69290 turns).

hellse the Metallomancer (GrEE)                    Turns: 69290, Time: 02:39:34

Health: -11/127    AC: 26    Str: 14    XL:     22   Next: 46%
Magic:  30/46      EV: 12    Int: 31    God:    Vehumet [******]
Gold:   1813       SH:  7    Dex: 10    Spells: 9/61 levels left

rFire   + + .      SeeInvis +   Z - staff of earth
rCold   + + .      Faith    .   Y - +3 warlock's mirror {reflect}
rNeg    + . .      Spirit   .   M - +2 robe {Will+}
rPois   ∞          Reflect  +   S - +2 hat {SInv}
rElec   +          Harm     .   s - scarf {rC+ rF+}
rCorr   .          Rampage  .   o - +1 pair of gloves {Str+3}
Will    ++++.                   H - +0 pair of boots of Nihilism {Int+5}
Stlth   ++........              T - amulet of regeneration
HPRegen 1.11/turn               p - ring of Qeinu {rElec rF+ rC+ Will++ Str-2}
MPRegen 0.30/turn               w - ring of wizardry

@: flying, studying Crossbows
A: sickness immunity, AC +16, big wings, negative energy resistance 1,
electricity resistance, torment resistance 1, petrification resistance, subdued
magic 1
}: 2/15 runes: serpentine, barnacled
a: Renounce Religion


You were on level 2 of the Vaults.
You worshipped Vehumet.
Vehumet was exalted by your worship.
You visited 8 branches of the dungeon, and saw 37 of its levels.
You also visited: Sewer, Bailey, Gauntlet and Volcano.

You collected 4955 gold pieces.
You spent 3142 gold pieces at shops.

Inventory:

Missiles
 c - 975 stones
 F - 14 javelins
 X - 11 silver javelins
Armour
 o - a +1 pair of gloves of strength (worn)
 s - a scarf of resistance (worn)
 B - a +1 robe of cold resistance
 G - the +18 shield of the Gong {rElec rN+ Will+ EV-5}
   (You took it off a minotaur in a Gauntlet)

   It is deafeningly noisy when blocking attacks.
   EV:        It affects your evasion (-5).
   rElec:     It insulates you from electricity.
   rN:        It protects you from negative energy.
   Will:      It increases your willpower.
 H - the +0 pair of boots of Nihilism (worn) {Int+5}
   (You acquired it on level 2 of the Shoals)

   Int:       It affects your intelligence (+5).
 K - the +0 cloak of Shielding {rElec MP+9 Dex+3}
   (You found it on level 4 of the Shoals)

   Dex:       It affects your dexterity (+3).
   rElec:     It insulates you from electricity.
   MP:        It affects your magic capacity (+9).
 M - a +2 robe of willpower (worn)
 S - a +2 hat of see invisible (worn)
 Y - the +3 warlock's mirror (worn) {reflect}
   (You found it on level 2 of the Lair of Beasts)

   It can block and reflect piercing ranged attacks and magical attacks against
   the wielder's willpower.
Magical Staves
 a - a staff of conjuration
 l - a staff of fire
 Z - a staff of earth (weapon)
Jewellery
 b - a ring of fire
 e - a ring of resist corrosion
 f - a ring of positive energy
 g - a +6 ring of intelligence
 k - a ring of ice
 n - a ring of see invisible
 p - the ring of Qeinu (left hand) {rElec rF+ rC+ Will++ Str-2}
   (You bought it in a shop on level 3 of the Elven Halls)

   [ring of protection from fire]

   Str:       It affects your strength (-2).
   rF:        It protects you from fire.
   rC:        It protects you from cold.
   rElec:     It insulates you from electricity.
   Will:      It greatly increases your willpower.
 w - a ring of wizardry (right hand)
 A - a ring of magical power
 E - the ring "Quhiu" {rElec rPois rC+ Str+3 Stlth+}
   (You took it off a deep elf death mage on level 3 of the Elven Halls)

   [ring of poison resistance]

   Str:       It affects your strength (+3).
   rC:        It protects you from cold.
   rElec:     It insulates you from electricity.
   rPois:     It protects you from poison.
   Stlth:     It makes you more stealthy.
 L - a ring of protection from fire
 T - an amulet of regeneration (around neck)
Wands
 r - a wand of acid (40)
 I - a wand of digging (3)
 Q - a wand of iceblast (25)
Scrolls
 d - 12 scrolls of fog
 i - 6 scrolls of blinking
 j - 11 scrolls of teleportation
 q - 2 scrolls of summoning
 x - 5 scrolls of enchant armour
 y - 3 scrolls of holy word
 C - a scroll of fear
 P - 5 scrolls of enchant weapon
 R - 2 scrolls of magic mapping
Potions
 h - 12 potions of heal wounds
 m - 8 potions of curing
 t - 2 potions of ambrosia
 u - a potion of resistance
 v - 3 potions of invisibility
 z - 11 potions of might
 D - 9 potions of mutation
 J - 4 potions of magic
 N - 4 potions of cancellation
 O - 8 potions of brilliance
 V - 5 potions of haste
Miscellaneous
 W - a condenser vane


   Skills:
 - Level 10.1 Fighting
 - Level 4.1 Armour
 - Level 2.3 Dodging
 - Level 2.1 Stealth
 - Level 4.0 Shields
 + Level 20.1 Spellcasting
 - Level 20.2 Conjurations
 - Level 0.7 Transmutations
 - Level 13.5 Fire Magic
 - Level 1.0 Ice Magic
 - Level 14.3 Air Magic
 - Level 21.7 Earth Magic


You had 9 spell levels left.
You knew the following spells:

 Your Spells              Type           Power      Damage    Failure   Level
a - Sandblast             Erth           100%       2d20      0%          1
b - Stone Arrow           Conj/Erth      100%       3d13      0%          3
c - Shatter               Erth           56%        3d42*     1%          9
d - Ignition              Fire           36%        3d11      3%          8
e - Lee's Rapid Deconstr  Erth           56%        3d27*     0%          5
f - Chain Lightning       Conj/Air       41%        3d54      10%         9
g - Lightning Bolt        Conj/Air       41%        1d60      0%          5
h - Passwall              Tmut/Erth      71%        N/A       0%          2
i - Blink                 Tloc           46%        N/A       1%          2
j - Lehudib's Crystal Sp  Conj/Erth      55%        10d13     1%          8

Your spell library contained the following spells:

 Spells                   Type           Power      Damage    Failure   Level
 Fire Storm               Conj/Fire      40%        8d10      12%         9
 Foxfire                  Conj/Fire      100%       2x1d9     0%          1
 Magic Dart               Conj           100%       1d8       0%          1
 Shock                    Conj/Air       100%       1d9       0%          1
 Scorch                   Fire           100%       2d10      0%          2
 Searing Ray              Conj           100%       2d8       0%          2
 Conjure Flame            Conj/Fire      81%        6-21      0%          3
 Mephitic Cloud           Conj/Pois/Air  68%        N/A       0%          3
 Swiftness                Air            75%        N/A       0%          3
 Airstrike                Air            37%        N/A       0%          4
 Flame Wave               Conj/Fire      81%        2d12      0%          4
 Sticky Flame             Conj/Fire      81%        2d9       0%          4
 Iskenderun's Battlesphe  Conj           88%        2d14      0%          5
 Apportation              Tloc           46%        N/A       1%          1
 Freeze                   Ice            100%       1d11      1%          1
 Pain                     Necr           92%        1d8       1%          1
 Sting                    Tmut/Pois      100%       1d8       1%          1
 Summon Small Mammal      Summ           92%        N/A       1%          1
 Call Imp                 Summ           23%        N/A       1%          2
 Corpse Rot               Necr/Air       100%       N/A       1%          2
 Ensorcelled Hibernation  Hex/Ice        52%        N/A       1%          2
 Poisonous Vapours        Pois/Air       100%       N/A       1%          2
 Wereblood                Tmut           27%        N/A       1%          2
 Call Canine Familiar     Summ           23%        N/A       1%          3
 Frozen Ramparts          Ice            58%        1d7       1%          3
 Ignite Poison            Fire/Tmut/Pois 46%        N/A       1%          3
 Inner Flame              Hex/Fire       54%        N/A       1%          3
 Lesser Beckoning         Tloc           23%        N/A       1%          3
 Ozocubu's Armour         Ice            29%        N/A       1%          3
 Summon Guardian Golem    Hex/Summ       23%        N/A       1%          3
 Tukima's Dance           Hex            23%        N/A       1%          3
 Animate Armour           Summ/Erth      100%       N/A       1%          4
 Fulminant Prism          Conj/Hex       32%        3d16      1%          4
 Hailstorm                Conj/Ice       65%        3d14      1%          4
 Olgreb's Toxic Radiance  Pois           23%        N/A       1%          4
 Petrify                  Tmut/Erth      86%        N/A       1%          4
 Freezing Cloud           Conj/Ice/Air   34%        6-21      1%          5
 Irradiate                Conj/Tmut      32%        3d24      1%          5
 Conjure Ball Lightning   Conj/Air       41%        3x3d13    1%          6
 Ice Form                 Ice/Tmut       28%        N/A       2%          4
 Maxwell's Capacitive Co  Air            37%        ∞         2%          8
 Summon Ice Beast         Ice/Summ       26%        N/A       3%          4
 Blade Hands              Tmut           13%        N/A       9%          5
 Metabolic Englaciation   Hex/Ice        13%        N/A       9%          5
 Manifold Assault         Tloc           23%        N/A       12%         5
 Summon Forest            Summ/Tloc      11%        N/A       12%         5
 Simulacrum               Ice/Necr       13%        N/A       45%         6
 Summon Cactus Giant      Summ           11%        N/A       52%         6
 Dragon Form              Tmut           13%        N/A       92%         7
 Summon Hydra             Summ           11%        N/A       97%         7
 Polar Vortex             Ice            14%        N/A       99%         9
 Necromutation            Tmut/Necr      12%        N/A       100%        8
 Statue Form              Tmut/Erth      Unusable   N/A       N/A         6

Dungeon Overview and Level Annotations

Branches:
Dungeon (15/15)            Temple (1/1) D:4            Lair (6/6) D:11
 Shoals (4/4) Lair:3        Snake (4/4) Lair:3        Slime (0/5) Lair:6
    Orc (2/2) D:11            Elf (3/3) Orc:2        Vaults (2/5) D:13
 Depths (0/4) D:15          Sewer (visited)          Bailey (visited)
Volcano (visited)         Gauntlet (visited)
  Crypt: Vaults:2-3

Altars:
Ashenzari
Cheibriados
Dithmenos
Elyvilon
Gozag
Hepliaklqana
Kikubaaqudgha
Makhleb
Nemelex Xobeh
Qazlal
Ru
Sif Muna
Trog
Uskayaw
Vehumet
Wu Jian
Xom
Yredelemnul
Zin
The Shining One
Beogh
Jiyva

Shops:
D:3 ?   D:11 [   Orc:1 :   Orc:2 :[=(   Elf:1 *   Elf:2 !   Elf:3 !(!*
Shoals:3 !   Snake:2 (?*   Snake:4 ?

Portals:
Trove: Vaults:2 (give 18 scrolls of teleportation)

Annotations:
D:4 dig
Elf:2 2 runed translucent doors
Vaults:2 Mennas


Innate Abilities, Weirdness & Mutations

You are immune to sickness and miasma.
Your stone body is resilient. (AC +16)
You are immune to poison.
Your large and strong wings let you fly.
You resist negative energy. (rN+)
You are resistant to electric shocks. (rElec)
You are resistant to unholy torment.
You are immune to petrification.
Your spells are a little easier to cast, but a little less powerful.


Message History

Unknown command.
Unknown command.
Unknown command.
Unknown command.
Casting: Chain Lightning (dangerous; 10% risk of failure)
Confirm with . or Enter, or press ? or * to list all spells.
Lightning arcs from your hands!
The bolt of lightning hits the slime creature!!!
You kill the slime creature!
Vehumet accepts your kill.
You feel your power returning.
The bolt of lightning hits the deep troll!!
You kill the deep troll!
Vehumet accepts your kill.
You feel your power returning.
The troll leather armour is intact enough to wear.
Your +3 warlock's mirror {reflect} reflects the bolt of lightning!
You hear a shout!
A yaktaur captain comes into view.
Unknown command.
Unknown command.
The yaktaur captain wields a +0 arbalest.
The yaktaur captain shoots a bolt.
The bolt hits you!!
A deep troll comes into view.
The yaktaur captain shoots a bolt.
The bolt hits you!!
Casting: Chain Lightning (dangerous; 10% risk of failure)
Confirm with . or Enter, or press ? or * to list all spells.
You feel a surge of power!
The dungeon rumbles!
You kill the deep troll!
Vehumet accepts your kill.
You feel your power returning.
The yaktaur captain is severely wounded.
The yaktaur captain shoots a bolt.
The bolt hits you!!!
* * * LOW HITPOINT WARNING * * *
A deep troll comes into view.
Unknown command.
Unknown command.
The yaktaur captain shoots a bolt.
The bolt hits you!!!
You die...

...............
.......cT......
...[..†........
...[...........
(......[.......
...............
.....).........
.......)[......
.......@.......
...............
...............
[.....[...[....
...............
[..............
.[.............
...............


You could see a yaktaur captain and a deep troll.

Vanquished Creatures
  Mara (Shoals:3)
  2 deep elf master archers (Elf:3)
  2 quicksilver dragons
  Asterion (Snake:4)
  2 deep elf blademasters (Elf:3)
  2 acid blobs (D:13)
  The ghost of ALWAYSlose the Bludgeoner, an adept MiFi of Nemelex Xobeh (Shoals:1)
  Roxanne (Elf:3)
  A rockslime (D:13)
  10 nagarajas
  A frost giant (Shoals:4)
  Donald (Shoals:2)
  Ilsuiw (Shoals:4)
  5 azure jellies (D:13)
  Louise (Elf:3)
  2 orc warlords
  3 deep elf sorcerers (Elf:3)
  6 vault wardens
  The ghost of Zonian the Slicer, a journeyman DsGl of Wu Jian (Orc:1)
  Aizul (Snake:4)
  2 deep elf elementalists (Elf:3)
  The ghost of Kesmoz the Impaler, a journeyman MfBe of Trog (Lair:4)
  4 ironbound preservers
  A quicksilver ooze (D:13)
  Nessos (D:15)
  13 deep elf demonologists
  10 dire elephants
  8 deep elf annihilators (Elf:3)
  Azrael (Elf:1)
  An entropy weaver (Vaults:2)
  A minotaur (Gauntlet)
  Snorg (Lair:3)
  3 deep elf death magi (Elf:3)
  An ettin (D:15)
  9 merfolk javelineers
  4 deep elf high priests
  6 merfolk impalers
  3 great orbs of eyes
  The ghost of demibob the Black Belt, a journeyman DsCK of Xom (D:13)
  11 naga warriors
  2 yaktaur captains
  5 ironbound thunderhulks
  12 hydras
  4 vault guards (Vaults:2)
  A catoblepas (Lair:2)
  3 ironbound frosthearts (Vaults:1)
  A salamander tyrant (Snake:4)
  5 ogre magi
  9 merfolk avatars
  Erolcha (D:12)
  A death knight (D:13)
  8 boulder beetles
  9 merfolk aquamancers
  13 centaur warriors
  12 anacondas
  23 two-headed ogres
  23 dancing weapons
  A two-headed ogre (shapeshifter) (Elf:2)
  3 satyrs
  3 tengu warriors
  An alligator snapping turtle (Shoals:3)
  7 death yaks
  A satyr (shapeshifter) (Elf:1)
  7 shock serpents
  A thrashing horror (Gauntlet)
  10 naga sharpshooters
  2 hell knights
  23 deep elf knights
  3 naga ritualists
  7 skeletal warriors
  15 sea snakes
  3 salamander mystics
  24 deep elf archers
  19 deep trolls
  6 lindwurms
  5 wizards
  3 ironbound convokers
  25 deep elf pyromancers
  39 harpies
  Pikel (D:7)
  2 necromancers
  35 deep elf zephyrmancers
  7 mana vipers
  10 orc knights
  5 fauns (Shoals:2)
  3 orc sorcerers
  18 salamanders
  11 cyclopes
  15 manticores
  18 ugly things
  A moth of wrath (Orc:1)
  31 black mambas
  A torpor snail (Lair:6)
  17 naga magi
  8 merfolk sirens
  4 guardian serpents
  11 vault sentinels
  9 water nymphs
  Joseph (D:7)
  10 elephants
  4 centaur skeletons (D:13)
  2 gargoyles
  2 molten gargoyles (Volcano)
  10 cane toads
  6 rime drakes
  An efreet (D:11)
  23 yaktaurs
  A kobold demonologist (D:13)
  16 komodo dragons
  A freezing wraith (D:13)
  A queen bee (shapeshifter) (D:14)
  A tengu conjurer (D:15)
  36 merfolk
  4 polar bears
  A yaktaur skeleton (Vaults:1)
  18 trolls
  6 meliai (D:14)
  2 hornets (Lair:4)
  Prince Ribbit (D:7)
  40 slime creatures
  A raiju (shapeshifter) (Elf:2)
  19 blink frogs
  5 wind drakes
  24 dream sheep
  8 snapping turtles
  3 redbacks (Vaults:2)
  4 spriggans
  A vampire (D:11)
  6 wyverns
  25 water elementals
  4 shadows
  3 air elementals
  A yak (shapeshifter) (D:12)
  28 yaks
  3 small abominations (Gauntlet)
  4 fire bats
  5 fire elementals
  3 wraiths
  9 basilisks
  3 chaos spawn (Gauntlet)
  A neqoxec (Gauntlet)
  A golden eye (D:10)
  Grum (D:10)
  4 wargs
  33 nagas
  An ogre zombie (Vaults:1)
  11 water moccasins
  4 hell hounds
  A floating eye (D:13)
  A swamp drake (Orc:1)
  3 ice beasts (D:7)
  3 sky beasts
  A black bear (D:5)
  33 ogres
  2 necrophages (D:4)
  25 orc warriors
  2 boggarts
  18 wolves
  18 centaurs
  A wolf (shapeshifter) (Elf:3)
  A lemure (D:7)
  5 kobold brigands
  2 earth elementals
  Blork the orc (D:6)
  14 bullfrogs
  2 water moccasin zombies
  A wyvern zombie (D:8)
  2 scorpions (D:5)
  6 killer bees (D:9)
  11 wights
  8 electric eels
  2 howler monkeys
  A crimson imp (Orc:1)
  6 lava snakes (Volcano)
  6 centaur zombies
  2 bullfrog zombies
  4 hounds
  4 jellies
  3 gnoll shamans
  2 human zombies
  11 orc priests
  An iron imp (Orc:1)
  An iguana (D:7)
  26 orc wizards
  Natasha (D:4)
  2 scorpion zombies (D:4)
  2 mummies (D:4)
  A howler monkey zombie (D:5)
  11 adders
  24 gnolls
  2 shadow imps
  3 white imps
  2 adder zombies (D:4)
  4 worms (D:2)
  6 dart slugs
  99 orcs
  15 endoplasms
  14 giant cockroaches
  7 goblins
  16 hobgoblins
  6 jackals
  15 quokkas
  13 ball pythons
  4 bats
  6 frilled lizards
  17 kobolds
  7 rats
  A ball lightning (Elf:1)
  A plant (Shoals:3)
1585 creatures vanquished.

Vanquished Creatures (collateral kills)
  3 ball lightnings
3 creatures vanquished.

Vanquished Creatures (others)
  3 orcs (Orc:1)
  81 ball lightnings
  49 fungi
  111 plants
244 creatures vanquished.

Grand Total: 1832 creatures vanquished

Notes
Turn   | Place    | Note
-------+----------+-------------------------------------------
     0 | D:1      | hellse the Gargoyle Earth Elementalist began the quest for
                  | the Orb.
     0 | D:1      | Reached XP level 1. HP: 10/10 MP: 3/3
   328 | D:1      | Reached skill level 4 in Earth Magic
   347 | D:1      | Reached XP level 2. HP: 15/15 MP: 5/5
   565 | D:1      | Found a faded altar of an unknown god.
  1287 | D:1      | Reached skill level 5 in Earth Magic
  1287 | D:1      | Reached XP level 3. HP: 19/19 MP: 2/6
  1528 | D:1      | Learned a level 3 spell: Stone Arrow
  2199 | D:2      | Reached XP level 4. HP: 22/24 MP: 3/7
  2275 | D:2      | Reached skill level 6 in Earth Magic
  2780 | D:4      | Found a staircase to the Ecumenical Temple.
  2787 | Temple   | Entered the Ecumenical Temple
  2834 | Temple   | Became a worshipper of Vehumet
  2864 | D:4      | Reached skill level 1 in Conjurations
  2943 | D:4      | Noticed a sky beast
  2953 | D:4      | Reached XP level 5. HP: 28/28 MP: 4/8
  3089 | D:4      | Killed a sky beast
  3175 | D:4      | Found a shimmering blue altar of Sif Muna.
  3242 | D:4      | Reached XP level 6. HP: 29/32 MP: 5/9
  3290 | D:4      | Found a glowing drain.
  3315 | Sewer    | Entered a sewer
  3978 | Sewer    | Reached * piety under Vehumet
  3978 | Sewer    | Offered knowledge of Shock by Vehumet.
  4401 | Sewer    | Reached XP level 7. HP: 26/36 MP: 0/13
  5136 | D:3      | Found Duruehy's Magic Scroll Shop.
  5140 | D:3      | Offered knowledge of Scorch by Vehumet.
  5150 | D:3      | Reached skill level 5 in Spellcasting
  5159 | D:3      | Bought a scroll of teleportation for 30 gold pieces
  5410 | D:3      | Found a broken altar of Ashenzari.
  5435 | D:3      | Reached ** piety under Vehumet
  5635 | D:4      | Learned a level 2 spell: Passwall
  5713 | D:4      | Got Sif Muna's Handbook of Envenoming
  5715 | D:4      | Got Sif Muna's Incunabulum of Black Magic
  5717 | D:4      | Got Sif Muna's Tome of Translocation
  6227 | D:4      | Found a basalt altar of Yredelemnul.
  6291 | D:4      | Reached XP level 8. HP: 38/41 MP: 6/16
  6358 | D:4      | Reached skill level 5 in Conjurations
  6394 | D:4      | Reached skill level 7 in Earth Magic
  6679 | D:4      | Noticed Natasha
  6681 | D:4      | Killed Natasha
  7086 | D:5      | Entered Level 5 of the Dungeon
  7287 | D:5      | Reached skill level 8 in Earth Magic
  7612 | D:5      | Reached skill level 9 in Earth Magic
  7799 | D:5      | Reached skill level 10 in Earth Magic
  8167 | D:5      | Reached XP level 9. HP: 45/45 MP: 10/17
  8546 | D:3      | Bought a scroll of identify for 20 gold pieces
  8546 | D:3      | Bought a scroll of identify for 20 gold pieces
  8628 | D:6      | Reached skill level 1 in Fighting
  8678 | D:6      | Offered knowledge of Mephitic Cloud by Vehumet.
  8687 | D:6      | Learned a level 3 spell: Mephitic Cloud
  8870 | D:6      | Noticed Blork the orc
  8878 | D:6      | Killed Blork the orc
  8957 | D:6      | Noticed a two-headed ogre
  9167 | D:6      | Reached *** piety under Vehumet
  9327 | D:6      | Reached skill level 5 in Fighting
  9873 | D:6      | Killed a two-headed ogre
  9979 | D:6      | Found a hazy altar of Hepliaklqana.
 10140 | D:7      | Reached XP level 10. HP: 59/59 MP: 15/21
 10312 | D:7      | Noticed Prince Ribbit
 10316 | D:7      | Killed Prince Ribbit
 10768 | D:7      | Noticed Joseph
 10805 | D:7      | Offered knowledge of Ignite Poison by Vehumet.
 11172 | D:7      | Noticed Pikel
 11183 | D:7      | Killed Pikel
 11541 | D:8      | Found a shadowy altar of Dithmenos.
 12335 | D:8      | Reached **** piety under Vehumet
 12983 | D:9      | Offered knowledge of Lee's Rapid Deconstruction by Vehumet.
 12990 | D:9      | Learned a level 5 spell: Lee's Rapid Deconstruction
 13123 | D:9      | Reached skill level 11 in Earth Magic
 13340 | D:9      | Noticed a +0 dagger
 13340 | D:9      | Noticed a +0 hand axe
 13341 | D:9      | Found a hide-covered altar of Uskayaw.
 13352 | D:9      | Reached XP level 11. HP: 63/63 MP: 17/24
 13581 | D:9      | Killed a +0 dagger
 13582 | D:9      | Reached skill level 12 in Earth Magic
 13586 | D:9      | Killed a +0 hand axe
 14168 | D:7      | Killed Joseph
 14336 | D:10     | Entered Level 10 of the Dungeon
 14421 | D:10     | Reached skill level 13 in Earth Magic
 14484 | D:10     | Found a flagged portal.
 14525 | Bailey   | Entered a bailey
 14711 | Bailey   | Reached ***** piety under Vehumet
 14713 | Bailey   | Offered knowledge of Spellforged Servitor by Vehumet.
 14756 | Bailey   | Noticed an orc knight
 14792 | Bailey   | Killed an orc knight
 15105 | Bailey   | Reached skill level 15 in Earth Magic
 15105 | Bailey   | Reached XP level 12. HP: 68/68 MP: 24/27
 15160 | D:10     | Got the Catalogue of Feathers and Poison
 15168 | D:10     | Learned a level 5 spell: Freezing Cloud
 15270 | D:10     | Noticed Grum
 15414 | D:10     | Noticed Maurice
 15416 | D:10     | Noticed Maurice
 15416 | D:10     | Maurice changed into Maurice the golden eye
 15438 | D:10     | Killed Maurice the golden eye
 15535 | D:10     | Identified the +10 quarterstaff of Lojecawn {vorpal, rElec
                  | rF++ Int+2}
 15540 | D:10     | Killed Grum
 15747 | D:10     | Reached skill level 1 in Ice Magic
 16738 | D:11     | Found a staircase to the Lair.
 16774 | D:11     | Found Pilai's Armour Boutique.
 16826 | D:11     | Noticed a six-headed hydra
 16833 | D:11     | Killed a six-headed hydra
 16969 | D:11     | Noticed a two-headed ogre
 16971 | D:11     | Noticed a two-headed ogre
 16976 | D:11     | Killed a two-headed ogre
 16976 | D:11     | Killed a two-headed ogre
 16977 | D:11     | Reached skill level 10 in Conjurations
 17034 | D:11     | Reached skill level 1 in Shields
 17233 | D:11     | Noticed a boulder beetle
 17243 | D:11     | Killed a boulder beetle
 17426 | D:11     | Found a staircase to the Orcish Mines.
 17463 | D:11     | Noticed a two-headed ogre
 17466 | D:11     | Killed a two-headed ogre
 17467 | D:11     | Reached XP level 13. HP: 72/72 MP: 16/28
 17628 | D:11     | Bought a +2 pair of boots of rampaging for 301 gold pieces
 17750 | D:12     | Noticed Erolcha
 17753 | D:12     | Killed Erolcha
 19095 | Lair:1   | Entered Level 1 of the Lair of Beasts
 19174 | Lair:1   | Found a dark tunnel.
 19259 | Volcano  | Entered a volcano
 19531 | Volcano  | Found a radiant altar of Vehumet.
 19535 | Volcano  | Offered knowledge of Irradiate by Vehumet.
 19536 | Volcano  | Reached skill level 16 in Earth Magic
 20008 | Lair:1   | Found a hide-covered altar of Uskayaw.
 20008 | Lair:1   | Found an ornate altar of the Wu Jian Council.
 20667 | Lair:1   | Reached skill level 17 in Earth Magic
 21422 | Lair:2   | Reached skill level 18 in Earth Magic
 21700 | Lair:2   | Found the +3 warlock's mirror {reflect}
 21793 | Lair:2   | Gained mutation: Your large and strong wings let you fly.
                  | [Gargoyle growth]
 21793 | Lair:2   | Reached XP level 14. HP: 78/78 MP: 10/29
 22540 | Lair:2   | You are sucked into a shaft and drop 1 floor!
 23076 | Lair:3   | Identified the +4 war axe of the Other Side {drain, rF+
                  | SInv}
 23394 | Lair:3   | Noticed Snorg
 23397 | Lair:3   | Killed Snorg
 23653 | Lair:3   | Found a staircase to the Shoals.
 23770 | Lair:3   | Found a staircase to the Snake Pit.
 24294 | Lair:4   | Found a runed translucent door.
 24296 | Lair:4   | Found a gate leading to a gauntlet.
 24297 | Lair:4   | Noticed Kesmoz's ghost (journeyman MfBe)
 24308 | Gauntlet | Entered a Gauntlet
 24308 | Gauntlet | Found a transporter.
 24312 | Gauntlet | Found a transporter.
 24313 | Gauntlet | Found a transporter.
 24329 | Gauntlet | Found a transporter.
 24330 | Gauntlet | Found a transporter.
 24339 | Gauntlet | Found a transporter.
 24355 | Gauntlet | Found a transporter.
 24364 | Gauntlet | Found a runed translucent door.
 24365 | Gauntlet | Found a transporter.
 24366 | Gauntlet | Found a runed translucent door.
 24375 | Gauntlet | Found a transporter.
 24380 | Gauntlet | Found a transporter.
 24382 | Gauntlet | Found a transporter.
 24383 | Gauntlet | Found a transporter.
 24405 | Gauntlet | Found a transporter.
 24416 | Gauntlet | Found a transporter.
 24498 | Gauntlet | Reached skill level 1 in Fire Magic
 24596 | Gauntlet | Offered knowledge of Lightning Bolt by Vehumet.
 24685 | Gauntlet | Identified the ring of Tomnoygi {rPois Slay+4}
 24767 | Gauntlet | Identified the +1 chain mail of Agoraphobia {Rampage MP+9}
 24860 | Lair:4   | Reached skill level 1 in Armour
 25540 | Lair:4   | Identified the +1 spear of Tomorrow {freeze, rElec rPois
                  | Will- Int-2}
 26833 | Lair:6   | Entered Level 6 of the Lair of Beasts
 27799 | Lair:6   | Reached XP level 15. HP: 71/90 MP: 16/30
 28111 | Lair:6   | Reached skill level 15 in Conjurations
 28850 | Lair:5   | Reached skill level 1 in Air Magic
 29075 | Lair:6   | Learned a level 5 spell: Lightning Bolt
 29577 | Lair:6   | Offered knowledge of Iskenderun's Battlesphere by Vehumet.
 29589 | Lair:6   | Learned a level 5 spell: Iskenderun's Battlesphere
 29849 | Lair:6   | Got Sif Muna's Compendium of Aerial Necromancy
 29902 | Lair:6   | Found an ornate altar of the Wu Jian Council.
 30114 | Lair:6   | Reached skill level 5 in Air Magic
 30381 | Lair:6   | Found a staircase to the Slime Pits.
 30436 | Lair:6   | Identified the +8 shortbow of Contradiction {flame, rElec
                  | Str+5}
 30534 | Lair:6   | Identified the +6 shortbow "Kefuakom" {flame, rN+ Will+
                  | Int+6 Dex-5}
 30606 | Lair:4   | Killed Kesmoz's ghost
 30932 | D:13     | Learned a level 2 spell: Blink
 30933 | D:13     | You are sucked into a shaft and drop 2 floors!
 30933 | D:15     | Entered Level 15 of the Dungeon
 31364 | D:13     | Found a runed translucent gate.
 31364 | D:13     | Found a runed translucent gate.
 31415 | D:13     | Found a runed translucent gate.
 31415 | D:13     | Noticed demibob's ghost (journeyman DsCK)
 31415 | D:13     | Noticed an azure jelly
 31416 | D:13     | Noticed an azure jelly
 31416 | D:13     | Noticed an azure jelly
 31416 | D:13     | Noticed a rockslime
 31416 | D:13     | Noticed an acid blob
 31416 | D:13     | Noticed an azure jelly
 31417 | D:13     | Noticed an acid blob
 31422 | D:13     | Noticed an azure jelly
 31426 | D:13     | Found a viscous altar of Jiyva.
 32081 | D:13     | Reached XP level 16. HP: 96/96 MP: 24/31
 32410 | D:13     | Found a gate to the Vaults.
 32517 | D:13     | Identified the +7 battleaxe "Ridajot" {elec, rElec rF+
                  | SInv}
 32636 | D:14     | Reached ****** piety under Vehumet
 32745 | D:14     | Found a stormy altar of Qazlal.
 33965 | D:15     | Offered knowledge of Yara's Violent Unravelling by Vehumet.
 34183 | D:15     | Reached skill level 10 in Fighting
 34594 | D:15     | Noticed Nessos
 34598 | D:15     | Killed Nessos
 35343 | D:15     | Found a staircase to the Depths.
 36074 | Orc:1    | Entered Level 1 of the Orcish Mines
 36669 | Orc:1    | Noticed Zonian's ghost (journeyman DsGl)
 36672 | Orc:1    | Found a bloodstained altar of Trog.
 36697 | Orc:1    | Found a transporter.
 36731 | Orc:1    | Found a transporter.
 37501 | Orc:1    | Offered knowledge of Conjure Ball Lightning by Vehumet.
 37522 | Orc:1    | Learned a level 6 spell: Conjure Ball Lightning
 37862 | Orc:1    | Found Siat Unu's Book Shop.
 38119 | Orc:1    | Reached skill level 10 in Air Magic
 38399 | Orc:1    | Killed Zonian's ghost
 38576 | Orc:1    | Bought a book of Ice for 736 gold pieces
 38631 | Orc:2    | Entered Level 2 of the Orcish Mines
 38989 | Orc:2    | Found a staircase to the Elven Halls.
 39536 | Orc:2    | Reached XP level 17. HP: 84/102 MP: 19/32
 39540 | Orc:2    | Offered knowledge of Ignition by Vehumet.
 40798 | Orc:2    | Found Ovinev's Antique Armour Shop.
 40946 | Orc:2    | Found Duromnet's Book Boutique.
 40947 | Orc:2    | Found Sonizy's Antique Weapon Boutique.
 40947 | Orc:2    | Found Zoirch's Jewellery Emporium.
 41348 | Orc:2    | Bought a manual of Spellcasting for 1280 gold pieces
 41356 | Orc:2    | Bought a ring of wizardry for 330 gold pieces
 41364 | Orc:2    | Bought an embroidered robe for 118 gold pieces
 41654 | D:3      | Bought a scroll of amnesia for 35 gold pieces
 41664 | D:3      | Learned a level 8 spell: Ignition
 41932 | Elf:1    | Entered Level 1 of the Elven Halls
 42120 | Elf:1    | Noticed Azrael
 42157 | Elf:1    | Killed Azrael
 42932 | Elf:1    | Found a shimmering blue altar of Sif Muna.
 43113 | Elf:1    | Found Jitwaren's General Store.
 43126 | Elf:1    | Bought a scroll of identify for 20 gold pieces
 43183 | Elf:1    | Noticed a quicksilver dragon
 43251 | Elf:1    | Got Afrawk's Guide on Summoning
 43867 | Snake:1  | Entered Level 1 of the Snake Pit
 43943 | Snake:1  | Offered knowledge of Lehudib's Crystal Spear by Vehumet.
 43943 | Snake:1  | Offered knowledge of Fire Storm by Vehumet.
 43943 | Snake:1  | Offered knowledge of Shatter by Vehumet.
 44516 | Snake:1  | Reached skill level 15 in Spellcasting
 44780 | Snake:1  | Learned a level 9 spell: Shatter
 45058 | Snake:1  | Reached skill level 19 in Earth Magic
 46047 | Snake:2  | Reached XP level 18. HP: 107/107 MP: 19/37
 46333 | Snake:2  | Found Xestruesu's Assorted Antiques.
 46333 | Snake:2  | Found Soppunn's Magic Scroll Shop.
 46337 | Snake:2  | Found Sulia's Weapon Boutique.
 46347 | Snake:2  | Bought a scroll of amnesia for 52 gold pieces
 47128 | Snake:2  | Reached skill level 20 in Earth Magic
 48757 | Snake:4  | Entered Level 4 of the Snake Pit
 48757 | Snake:4  | Found Weym Jysk's Magic Scroll Shop.
 49366 | Snake:4  | Noticed Aizul
 49382 | Snake:3  | Learned a level 8 spell: Lehudib's Crystal Spear
 49450 | Snake:4  | Killed Aizul
 49808 | Snake:4  | Noticed Asterion
 49811 | Snake:4  | Killed Asterion
 50370 | Snake:4  | Noticed a quicksilver dragon
 50376 | Snake:3  | Killed a quicksilver dragon
 50563 | Snake:4  | Noticed a quicksilver dragon
 50728 | Snake:4  | Killed a quicksilver dragon
 50729 | Snake:4  | Reached skill level 21 in Earth Magic
 51474 | Snake:4  | Got a serpentine rune of Zot
 52240 | Elf:2    | Reached XP level 19. HP: 112/112 MP: 24/40
 52375 | Elf:2    | Paralysed by an air elemental for 1 turns
 52508 | Elf:2    | Paralysed by an air elemental for 1 turns
 52854 | Elf:2    | Paralysed by an air elemental for 1 turns
 52858 | Elf:2    | Paralysed by an air elemental for 1 turns
 53351 | Elf:2    | Found a large runed translucent door.
 53351 | Elf:2    | Found a large runed translucent door.
 53881 | Elf:2    | Found Oraru's Distillery.
 53986 | Elf:3    | Entered Level 3 of the Elven Halls
 53989 | Elf:3    | Found Kodoomei's Assorted Antiques.
 54515 | Elf:3    | Learned a level 9 spell: Chain Lightning
 54517 | Elf:3    | Bought a coiled brass ring for 200 gold pieces
 54517 | Elf:3    | Identified the ring of Qeinu {rElec rF+ rC+ Will++ Str-2}
                  | (You bought it in a shop on level 3 of the Elven Halls)
 54760 | Elf:3    | Noticed Louise
 54915 | Elf:3    | Killed Louise
 55089 | Elf:3    | Found Hilo's Weapon Shoppe.
 55098 | Elf:3    | Found Gunora's Distillery.
 55418 | Elf:3    | Identified Roxanne's Papyrus of Moulding
 55418 | Elf:3    | Noticed Roxanne
 55422 | Elf:3    | Killed Roxanne
 55713 | Elf:3    | Identified the +1 ice dragon scales of Perfidy {Harm rF-
                  | rC++ Str+6}
 56133 | Elf:3    | Identified the +0 ring mail "Zagem" {rF+ Will- MP+9 Stlth+}
 56273 | Elf:3    | Identified the ring "Quhiu" {rElec rPois rC+ Str+3 Stlth+}
 56408 | Elf:3    | Reached XP level 20. HP: 115/117 MP: 35/41
 56418 | Elf:3    | Identified the +4 plate armour "Coddi" {rElec rC+ rN++
                  | Int-3}
 56513 | Elf:3    | Identified the ring of the Evening {Fire rN+ Int-3 Slay+4}
 57941 | Elf:3    | Found Qosyoca's Distillery.
 58854 | Shoals:1 | Entered Level 1 of the Shoals
 59766 | Shoals:1 | Found a runed translucent door.
 59766 | Shoals:1 | Noticed ALWAYSlose's ghost (adept MiFi)
 60073 | Shoals:1 | Killed ALWAYSlose's ghost
 60458 | Shoals:2 | Reached skill level 5 in Fire Magic
 60471 | Shoals:1 | Gained mutation: Your spells are a little easier to cast,
                  | but a little less powerful. [mutagenic glow]
 61102 | Shoals:2 | Noticed Donald
 61108 | Shoals:2 | Killed Donald
 61561 | Shoals:2 | Identified a scroll of acquirement
 61562 | Shoals:2 | Acquired the +0 pair of boots of Nihilism {Int+5}
 62884 | Shoals:3 | Reached XP level 21. HP: 122/122 MP: 27/42
 63077 | Shoals:3 | Found Kuamaesim's Distillery.
 63264 | Shoals:3 | Noticed Mara
 63268 | Shoals:3 | Killed Mara
 63269 | Shoals:3 | Reached skill level 10 in Fire Magic
 63701 | Shoals:4 | Entered Level 4 of the Shoals
 63842 | Shoals:4 | Noticed Ilsuiw
 63848 | Shoals:4 | Killed Ilsuiw
 64575 | Shoals:4 | Got a barnacled rune of Zot
 64985 | Shoals:4 | Identified the +0 cloak of Shielding {rElec MP+9 Dex+3}
 65657 | D:13     | Killed demibob's ghost
 65771 | Vaults:1 | Entered Level 1 of the Vaults
 66707 | Vaults:1 | Reached XP level 22. HP: 127/127 MP: 6/44
 68495 | Vaults:2 | Found a portal to a secret trove of treasure.
 68670 | Vaults:2 | Noticed Mennas
 69290 | Vaults:2 | Shot with a bolt by a yaktaur captain

Illustrated notes

Levels and vault maps discovered:
D:1:      eino_arrival_cavern_d, layout_loops_corners,
          ebering_ecumenical_altar_rust
D:2:      layout_rooms
D:3:      layout_basic, mainiacjoe_overflow_alcove_4, serial_shops, shop,
          kennysheep_orc_chapel
D:4:      layout_basic, nicolae_sif_muna_little_library,
          lemuel_mausoleum_altar_yredelemnul, minmay_temple_entry_glass,
          gup_sewer_entry_glass, lightli_corner_chamber, uniq_natasha
D:5:      layout_basic
D:6:      layout_cave_pods, marbit_many_paths, st_stairs_1, serial_bayou_pond_d,
          uniq_blork_the_orc
D:7:      layout_loops_ring, minmay_misc_feat_cross, uniq_pikel, uniq_joseph,
          uniq_prince_ribbit1
D:8:      layout_loops_cross, mainiacjoe_overflow_small_starburst, special_room
          [special_room_orc]
D:9:      layout_basic, dancing_weapons_uskayaw
D:10:     erik_rubicon_b, layout_basic, enter_bailey_3, the_hattery, uniq_grum,
          uniq_maurice
D:11:     layout_gridville, grunt_lair_entry_orc_guard_hut, orc_0_dummy,
          serial_shops, shop
D:12:     layout_layer_cave, uniq_erolcha
D:13:     layout_basic, hangedman_vaults_entry_quadrant_bands,
          gammafunk_ghost_ooze
D:14:     layout_loops_ring, nicolae_qazlal_general_emergency
D:15:     hangedman_depths_entry_civil_slaughter, layout_cave_pods,
          hangedman_abyss_or_decor_stabs, uniq_nessos
Temple:   nicolae_temple_elliptical
Lair:1:   layout_concentric_octagons, nicolae_volcano_entry_batcave,
          nzn_masters_of_martial_movement, grunt_megastairs_3,
          serial_bayou_shore_b, infiniplex_staircase_pool_2
Lair:2:   layout_gridlike, small_statue_intersection, small_statue_intersection
Lair:3:   layout_roguey, elwin_shoals_entry_rooms,
          minmay_snake_entry_guardpost_small, uniq_snorg
Lair:4:   layout_roguey, ebering_ghost_funeral_grove, gauntlet_entry_generic
Lair:5:   layout_loops_ring, grunt_megastairs_1
Lair:6:   gammafunk_lair_ancient_temple, layout_gridlike,
          nicolae_slime_entry_slimehenge, lemuel_centaur_altar
Shoals:1: layout_shoals, gammafunk_ghost_grave,
          nicolae_shoals_nymph_descending_staircase
Shoals:2: layout_shoals, uniq_donald
Shoals:3: layout_shoals, serial_shops, nicolae_shop_trees, uniq_mara
Shoals:4: shoals_end_grunt_ice, layout_shoals, shoals_ilsuiw_ice
Snake:1:  layout_chambers
Snake:2:  layout_cave_pods, grunt_megastairs_2, minmay_shop_star
Snake:3:  layout_honeycomb, lemuel_fruit_tree
Snake:4:  hellmonk_snake_rune_quicksilver_temple, layout_gridlike, serial_shops,
          nicolae_shop_advertising_works [nicolae_subvault_shop_adworks],
          uniq_aizul, uniq_asterion
Orc:1:    layout_diamond_mine, gammafunk_ghost_wrathful_warriors, serial_shops,
          nicolae_shop_statue_plus, hangedman_minor_magic
Orc:2:    st_orc_open, layout_diamond_mine, nicolae_orc_stony_grotto
Elf:1:    elf_arrival_002, layout_geoelf_diagonals, basic_altar, serial_shops,
          nicolae_shop_hallway_stairs, minmay_elf_demonology,
          hangedman_decor_cross_pass, uniq_azrael
Elf:2:    elven_hall_of_blades_hangedman_original
          [nicolae_blade_entry_antechamber], layout_rooms, serial_shops,
          nicolae_shop_competitors_out_of_business, minivault_23
Elf:3:    minmay_elf_hall_x, layout_gridlike, serial_shops, shop,
          nicolae_shop_hallway_plus, shop_fountains, shop_fountains,
          serial_sigils, serial_sigils_hangedman_etch,
          serial_sigils_hangedman_stare, serial_sigils_hangedman_clutch,
          serial_sigils_hangedman_quiver, serial_sigils_hangedman_snap,
          serial_sigils_hangedman_writhe, uniq_roxanne, uniq_louise
Vaults:1: ontoclasm_vaults_chip, nicolae_vaults_theta, vaults_room_door_hall,
          nicolae_vaults_arrows, v_misc_19, hangedman_vaults_snaps,
          nicolae_vaults_network_quinsquares
          [nicolae_vaults_network_quincunx_subvault,
          nicolae_vaults_network_quincunx_subvault,
          nicolae_vaults_network_quincunx_subvault,
          nicolae_vaults_network_quincunx_subvault], v_pattern_1,
          layout_vaults_chaotic_city
Vaults:2: gammafunk_the_bubble [the_bubble_gammafunk_grid],
          minmay_crypt_entry_necro_gods, dpeg_vaults_monster_box,
          vaults_room_door_ring, vaults_room_fours, ontoclasm_vaults_fault,
          layout_vaults_omnigrid, serial_shops, nicolae_shop_stone,
          nicolae_trove_entry_crystal, uniq_mennas

Skill      XL: |  1  2  3  4  5  6  7  8  9 10 11 12 13 14 15 16 17 18 19 20 21 22 |
---------------+-------------------------------------------------------------------+-----
Earth Magic    | 4 5 6 10 11 15 18 19 21 | 21.7
Conjurations   | 2 4 5 8 10 12 14 15 17 18 20 | 20.2
Spellcasting   | 4 5 7 9 11 15 17 18 20 | 20.1
Fighting       | 5 9 10 | 10.1
Dodging        | 2 |  2.3
Ice Magic      | 1 |  1.0
Shields        | 4 |  4.0
Fire Magic     | 3 9 13 | 13.5
Armour         | 4 |  4.1
Air Magic      | 8 10 14 | 14.3
Stealth        | |  2.1
Transmutations | |  0.7

Action                   |  1- 3 |  4- 6 |  7- 9 | 10-12 | 13-15 | 16-18 | 19-21 | 22-24 || total
-------------------------+-------+-------+-------+-------+-------+-------+-------+-------++-------
Melee: Club              |    64 |       |       |       |       |       |       |       ||    64
       Unarmed           |     7 |       |       |       |       |       |       |       ||     7
       Short sword       |    23 |       |       |       |       |       |       |       ||    23
       Staff             |    13 |    50 |     4 |    24 |     5 |    19 |    10 |       ||   125
       War axe           |       |    32 |       |       |    12 |       |       |       ||    44
       Trident           |       |       |    18 |       |       |       |       |       ||    18
       Falchion          |       |       |       |    12 |       |       |       |       ||    12
 Cast: Sandblast         |    24 |    42 |     5 |    27 |    22 |    30 |    12 |       ||   162
       Stone Arrow       |       |    34 |   122 |   179 |   245 |    72 |     8 |       ||   660
       Passwall          |       |       |     4 |     4 |     1 |       |       |       ||     9
       Mephitic Cloud    |       |       |     3 |    15 |    11 |       |       |       ||    29
       Lee's Rapid Decon |       |       |       |    28 |   192 |   194 |     6 |       ||   420
       Freezing Cloud    |       |       |       |    12 |    85 |    33 |     1 |       ||   131
       Lightning Bolt    |       |       |       |       |     6 |    72 |       |       ||    78
       Iskenderun's Batt |       |       |       |       |     3 |     9 |       |       ||    12
       Blink             |       |       |       |       |     1 |     2 |       |       ||     3
       Conjure Ball Ligh |       |       |       |       |       |    43 |       |       ||    43
       Shatter           |       |       |       |       |       |   113 |   306 |    51 ||   470
       Lehudib's Crystal |       |       |       |       |       |     7 |    17 |     2 ||    26
       Chain Lightning   |       |       |       |       |       |       |    26 |    17 ||    43
       Ignition          |       |       |       |       |       |       |     6 |     1 ||     7
Evoke: Wand              |       |       |       |     5 |    17 |     3 |     2 |       ||    27
  Use: Scroll            |       |     2 |     4 |     6 |    13 |     9 |     4 |       ||    38
       Potion            |       |       |       |     1 |       |     4 |       |       ||     5
 Stab: Sleeping          |     4 |       |       |       |       |       |       |       ||     4
       Paralysed         |       |       |       |       |     7 |       |       |       ||     7
Armor: Robe              |    36 |    53 |    43 |    54 |    88 |    55 |    99 |     8 ||   436
Dodge: Dodged            |    79 |    74 |    36 |    47 |   104 |    67 |    87 |     8 ||   502
Block: Buckler           |       |       |       |       |    69 |    82 |    54 |    17 ||   222
       Reflection        |       |       |       |       |     6 |    34 |    27 |    13 ||    80

Table legend: (Time is in decaauts)
 A = Elapsed time spent in this place.
 B = Non-inter-level travel time spent in this place.
 C = Inter-level travel time spent in this place.
 D = Time resting spent in this place.
 E = Time spent auto-exploring this place.
 F = Levels seen in this place.
 G = Mean time per level.
                   A        B        C        D        E       F      G
               +--------+--------+--------+--------+--------+-----+--------+
         Total |  69607 |  65713 |   3894 |  24917 |  30978 |  41 | 1697.7 |
       Dungeon |  24523 |  22718 |   1805 |   7332 |  12054 |  15 | 1634.9 |
        Temple |     62 |     48 |     14 |      0 |      0 |   1 |   62.0 |
          Lair |  11557 |  10737 |    820 |   4214 |   4955 |   6 | 1926.2 |
        Shoals |   6160 |   5902 |    258 |   2047 |   3215 |   4 | 1540.0 |
     Snake Pit |   8046 |   7930 |    116 |   3517 |   3701 |   4 | 2011.5 |
  Orcish Mines |   5252 |   4789 |    463 |   1818 |   2076 |   2 | 2626.0 |
   Elven Halls |   8110 |   7848 |    262 |   4164 |   2688 |   3 | 2703.3 |
        Vaults |   2627 |   2473 |    154 |    636 |   1396 |   2 | 1313.5 |
         Sewer |   1384 |   1384 |      0 |    617 |    471 |   1 | 1384.0 |
        Bailey |    614 |    614 |      0 |    178 |    251 |   1 |  614.0 |
       Volcano |    734 |    734 |      0 |    241 |    170 |   1 |  734.0 |
      Gauntlet |    532 |    532 |      0 |    153 |      0 |   1 |  532.0 |
               +--------+--------+--------+--------+--------+-----+--------+

Top non-repeatable levels by time:
 Snake:3: 3140 daAuts
   Elf:3: 2977 daAuts
   Orc:2: 2685 daAuts
   Elf:2: 2669 daAuts
  Lair:5: 2599 daAuts
   Orc:1: 2567 daAuts
   Elf:1: 2464 daAuts
Vaults:1: 2346 daAuts
  Lair:3: 2225 daAuts
    D:15: 2164 daAuts
     D:4: 2148 daAuts
    D:13: 2136 daAuts
  Lair:6: 2057 daAuts
 Snake:1: 2024 daAuts
Shoals:2: 1972 daAuts
